 Dungeon Crawl Stone Soup version 0.28.0-53-g5a82cb258f (webtiles) character file.

Game seed: 3354767995705856465

1 jiml777 the Gusty (level 1, -3/13 HPs)
             Began as a Gnoll Air Elementalist on July 8, 2022.
             Frozen to death by an endoplasm (4 damage)
             ... on level 1 of the Dungeon.
             The game lasted 00:00:51 (139 turns).

jiml777 the Gusty (Gnoll Air Elementalist)           Turns: 139, Time: 00:00:52

Health: -3/13      AC:  2    Str:  7    XL:     1   Next: 20%
Magic:  6/6        EV: 13    Int: 14    God:
Gold:   17         SH:  0    Dex: 12    Spells: 8/9 levels left

rFire   . . .      SeeInvis .   d - +0 falchion
rCold   . . .      Faith    .   (no shield)
rNeg    . . .      Spirit   .   a - +0 robe
rPois   .          Reflect  .   (no helmet)
rElec   .          Harm     .   (no cloak)
rCorr   .          Rampage  .   (no gloves)
Will    .....                   (no boots)
Stlth   ++........              (no amulet)
HPRegen 0.04/turn               (no ring)
MPRegen 0.10/turn               (no ring)

@: no status effects
A: fangs 1, strong nose, distributed training
a: no special abilities


You were on level 1 of the Dungeon.
You visited 1 branch of the dungeon, and saw 1 of its levels.

You collected 17 gold pieces.

Inventory:

Hand Weapons
 d - a +0 falchion (weapon)
Armour
 a - a +0 robe (worn)
Scrolls
 b - a scroll of identify {unknown}


   Skills:
 + Level 0.0 Fighting
 + Level 0.0 Short Blades
 + Level 0.0 Long Blades
 + Level 0.0 Axes
 + Level 0.0 Maces & Flails
 + Level 0.0 Polearms
 + Level 0.0 Staves
 + Level 0.0 Slings
 + Level 0.0 Bows
 + Level 0.0 Crossbows
 + Level 0.0 Throwing
 + Level 0.0 Armour
 + Level 4.4 Dodging
 + Level 4.0 Stealth
 + Level 0.0 Shields
 + Level 0.0 Unarmed Combat
 + Level 4.8 Spellcasting
 + Level 1.9 Conjurations
 + Level 0.0 Hexes
 + Level 0.0 Summonings
 + Level 0.0 Necromancy
 + Level 0.0 Translocations
 + Level 0.0 Transmutations
 + Level 0.0 Fire Magic
 + Level 0.0 Ice Magic
 + Level 5.3 Air Magic
 + Level 0.0 Earth Magic
 + Level 0.0 Poison Magic
 + Level 0.0 Invocations
 + Level 0.0 Evocations


You had 8 spell levels left.
You knew the following spells:

 Your Spells              Type           Power      Damage    Failure   Level
a - Shock                 Conj/Air       52%        1d6       4%          1

Your spell library contained the following spells:

 Spells                   Type           Power      Damage    Failure   Level
 Static Discharge         Conj/Air       13%        N/A       6%          2
 Swiftness                Air            18%        N/A       6%          3
 Airstrike                Air            9%         N/A       21%         4


Dungeon Overview and Level Annotations

Branches:
Dungeon (1/15)

Altars:


Innate Abilities, Weirdness & Mutations

You have very sharp teeth.
Your uncanny sense of smell can sniff out nearby items.
Your experience applies equally to all skills.


Message History

You start resting.
Magic restored.
You start resting.
HP restored.
You see here a +0 club.
c - a +0 club (weapon)
Found a falchion.
You see here a +0 falchion.
d - a +0 falchion (weapon)
You drop a +0 club.
An endoplasm comes into view.
Found a stone staircase leading down.
The endoplasm quivers.
The endoplasm moves out of view.
A goblin comes into view. It is wielding a +0 dagger.
The goblin shouts!
You hit the goblin.
The goblin is heavily wounded.
The goblin closely misses you.
You closely miss the goblin.
The goblin is heavily wounded.
The goblin hits you with a +0 dagger.
You closely miss the goblin. Your bite misses the goblin.
The goblin is heavily wounded.
The goblin hits you with a +0 dagger. x2
You miss the goblin.
The goblin is heavily wounded.
The endoplasm freezes you.
You are frozen.
The goblin hits you with a +0 dagger.
* * * LOW HITPOINT WARNING * * *
You barely miss the goblin.
The goblin is heavily wounded.
The endoplasm barely misses you. The goblin hits you with a +0 dagger.
* * * LOW HITPOINT WARNING * * *
The endoplasm freezes you.
You are frozen.
* * * LOW HITPOINT WARNING * * *
The endoplasm freezes you.
You are frozen.
You die...

.#.. #...# #...
∆ #..# # #..#.#
#..#>###
########.......
.......gJ.#
########@.#
#..#### #.....#
##########.###.#
#....).....# #
#.########## #.#
#.# #######
#.##.####.....#


You could see an endoplasm and a goblin.

Vanquished Creatures
  A kobold (D:1)
1 creature vanquished.

Notes
Turn   | Place    | Note
-------+----------+-------------------------------------------
     0 | D:1      | jiml777 the Gnoll Air Elementalist began the quest for the
                  | Orb.
     0 | D:1      | Reached XP level 1. HP: 13/13 MP: 6/6
   139 | D:1      | Frozen to death by an endoplasm

Illustrated notes

Levels and vault maps discovered:
D:1:      lightli_arrival_quake, layout_loops_ring,
          hellmonk_ecumenical_altar_crossroads

Action                   || total
-------------------------++-------
Melee: Falchion          ||     5
 Cast: Shock             ||     2
Armor: Robe              ||     1
Dodge: Dodged            ||     3
